Map: Bel'Shir Vestige LE (Void)

Players

mAth - Winner!

  • Race: Zerg Zerg
  • League: Master
  • Spawn Location: 11:00

Railgan

  • Race: Zerg Zerg
  • League: Grandmaster
  • Spawn Location: 5:00

VOD

Have the link to the VOD?

Description

Time

  • Played on: Feb. 27, 2017, 6:28 p.m.
  • Length: 2:57
Show
View Real Time Build Order
Export as new Build Order

mAth Zerg - Winner!

Build Orders: Pool Only 

Get SALT Encoding   

  12  0:00  Drone  
  13  0:16  Extractor  
  12  0:23  Spawning Pool  
  12  0:27  Drone  
  12  0:32  Drone  
  13  0:38  Drone  
  14  0:48  Overlord  
  14  1:11  Zergling x6  
  16  1:15  Metabolic Boost  
  17  1:22  Zergling x2  
  18  1:33  Zergling x2  
  18  1:38  Baneling Nest  
  18  1:43  Zergling x2  
  18  1:46  Queen  
  21  1:54  Zergling x2  
  22  2:06  Overlord  
  21  2:23  Baneling x2  
  21  2:27  Zergling x2  
  21  2:28  Zergling x2  
  23  2:39  Baneling x2  
Show
View Real Time Build Order
Export as new Build Order

Railgan Zerg 

Build Orders: Hatch First 

Get SALT Encoding   

  12  0:01  Drone  
  13  0:12  Overlord  
  13  0:17  Drone  
  14  0:30  Drone x2  
  14  0:34  Drone  
  17  0:45  Drone  
  18  0:55  Hatchery  
  17  0:59  Extractor, Drone  
  17  1:12  Spawning Pool  
  17  1:16  Drone  
  17  1:17  Drone  
  18  1:28  Drone  
  19  1:39  Overlord  
  19  1:49  Drone  
  20  1:59  Queen  
  20  2:00  Zergling x2  
  23  2:09  Zergling x2  
  23  2:10  Queen  
  23  2:14  Spine Crawler  
  23  2:15  Zergling x2  
  25  2:18  Baneling Nest  
  21  2:26  Zergling x2  
  20  2:36  Zergling x2  
Tags
 
Add a new tag
Caveats
  • Supply blocks, unpowered buildings, or Contaminate may cause inaccurate times.
  • Supply counts are checked every 10 seconds.